AoeStats
← KLOAKAN

Arabia

515496907Analyzed
1v1 RM · 15d ago on Oct 22, 2026· 17m 59s· 2 players
Game mode
Random Map
Map size
Tiny (2 player)
Population
200
Speed
Normal
Resources
Standard
Victory
Conquest
Starting age
Dark Age
Ending age
Imperial Age
RankedLock teamsTeams togetherTeam positionsShared explorationLock speedFull tech treeHidden civsTurbo modeCheats
Victory
Defeat
🇨🇿 Saxons · Czechia
1366
+17
vs
🇷🇺 Huns · Russia
1380
-17
KLOAKAN
7:33 Loom
10:32 Feudal Age
12:50 Double-Bit Axe
13:36 Fletching
tdmlart
6:21 Loom
8:52 Feudal Age
9:26 Man-at-Arms
11:16 Double-Bit Axe
13:30 Horse Collar
16:36 Scale Mail Armor
Connection lost

Rejoining the realm…

Still unreachable

The connection could not be restored.

Session expired

The server has moved on; the page needs a fresh start.